 Dungeon Crawl Stone Soup version 0.17-a0-1927-g319369b (webtiles) character file.

142 Ordine the Digger (level 5, -2/28 HPs)
             Began as a Gargoyle Earth Elementalist on Sept 29, 2015.
             Was a Follower of Vehumet.
             Killed from afar by an orc wizard (5 damage)
             ... with a puff of flame
             ... on level 3 of the Dungeon.
             The game lasted 00:13:06 (2201 turns).

Ordine the Digger (Gargoyle Earth Elementalist)     Turns: 2201, Time: 00:13:06

Health: -2/28      AC:  8    Str: 12    XL:     5   Next: 25%
Magic:  0/10       EV: 12    Int: 18    God:    Vehumet [*.....]
Gold:   72         SH:  0    Dex: 14    Spells: 4 memorised, 0 levels left

rFire  . . .     SeeInvis .     a - 39 stones
rCold  . . .     Clarity  .     b - +0 robe
rNeg   + . .     SustAt   .     (no shield)
rPois  ∞         Gourm    .     o - +0 helmet
rElec  +         Spirit   .     (no cloak)
rCorr  .         Warding  .     m - +0 pair of gloves
rMut   .         Stasis   .     (no boots)
MR     .....                    (no amulet)
Stlth  ++........               r - +2 ring of intelligence
                                j - +4 ring of dexterity

@: not resistant to hostile enchantments, unstealthy
A: negative energy resistance 1, electricity resistance, unbreathing,
petrification resistance, rot immunity, AC +4
a: Renounce Religion


You were on level 3 of the Dungeon.
You worshipped Vehumet.
Vehumet was aware of your devotion.
You were hungry.

You visited 1 branch of the dungeon, and saw 3 of its levels.

You collected 72 gold pieces.

Inventory:

Hand weapons
 e - a +0 club
Missiles
 a - 39 stones (in hand)
Armour
 b - a +0 robe (worn)
 m - a +0 pair of gloves (worn)
 o - a +0 helmet (worn)
Jewellery
 j - a +4 ring of dexterity (left hand)
 r - a +2 ring of intelligence (right hand)
Scrolls
 k - 2 scrolls of identify
Potions
 l - a potion of heal wounds
 p - 2 potions of magic {unknown}
 q - a potion of cancellation {unknown}
Books
 c - a book of Geomancy

   Spells                             Type                      Level
   a - Sandblast                      Earth                        1
   b - Stoneskin                      Transmutation/Earth          2
   c - Passwall                       Transmutation/Earth          3
   d - Stone Arrow                    Conjuration/Earth            3
   e - Petrify                        Transmutation/Earth          4
   f - Lee's Rapid Deconstruction     Earth                        5
 h - a book of Cantrips

   Spells                             Type                      Level
   a - Corona                         Hexes                        1
   b - Animate Skeleton               Necromancy                   1
   c - Summon Small Mammal            Summoning                    1
   d - Apportation                    Translocation                1
Comestibles
 d - 4 bread rations
 f - 2 meat rations
 g - a royal jelly
 i - 3 beef jerkies
 n - 3 chunks of flesh


   Skills:
 - Level 1.5 Dodging
 - Level 2.1 Stealth
 * Level 3.8 Spellcasting
 + Level 1.6 Conjurations
 - Level 0.7 Transmutations
 + Level 4.8 Earth Magic


You couldn't memorise any spells.
You knew the following spells:

 Your Spells              Type           Power        Failure   Level  Hunger
a - Sandblast             Erth           ###...       1%          1    None
b - Stoneskin             Trmt/Erth      ##......     10%         2    ##.....
c - Stone Arrow           Conj/Erth      ###...       14%         3    ###....
d - Lee's Rapid Deconstr  Erth           ###.......   67%         5    ######.


Dungeon Overview and Level Annotations

Branches:
Dungeon (3/15)

Altars:
Vehumet


Innate Abilities, Weirdness & Mutations

You are resistant to torment.
Your stone body is resilient (AC +4).
You are immune to poison.
You resist negative energy.
You are resistant to electric shocks.
You can survive without breathing.
You are immune to petrification.
You are immune to rotting.


Message History

Aim: an orc wizard, wielding a dagger and wearing a robe (severely wounded)
The rocky blast hits the orc wizard.
The orc wizard is almost dead.
The orc wizard casts a spell.
The orc wizard flickers and vanishes!
Deactivating autopickup; reactivate with Ctrl-A.
Casting: Sandblast
Confirm with . or Enter, or press ? or * to list all spells.
You don't have enough magic to cast that spell.
Casting: Sandblast
Confirm with . or Enter, or press ? or * to list all spells.
You don't have enough magic to cast that spell.
You hear some strange, mumbled words.
A puff of flame appears from out of thin air!
The puff of flame hits you!
* * * LOW HITPOINT WARNING * * *
You hear some strange, mumbled words.
A puff of flame appears from out of thin air!
The puff of flame hits you!
You die...

........##..........#
.....##....
........##..........#
#..........
..###+#+##...#......###......#.#
.. #....................... .
#.........#........##..#
#.........#.....[)......
#.........#.............
#.......................
#......@{.)[.)..........
......+#.<...##)..#.......
......+#####'#....##+##### .....
.......# ... .....#+## ..
.....!.# # ######.# ... #.


There were no monsters in sight!

Vanquished Creatures
  Ijyb (D:3)
  Robin (D:2)
  3 adders
  3 worms (D:2)
  4 orcs (D:3)
  3 giant cockroaches
  14 goblins
  7 hobgoblins
  3 quokkas
  6 bats
  2 giant newts (D:1)
  4 jackals (D:1)
  5 kobolds (D:1)
  6 rats
62 creatures vanquished.

Notes
Turn   | Place    | Note
--------------------------------------------------------------
     0 | D:1      | Ordine the Gargoyle Earth Elementalist began the quest for the Orb.
     0 | D:1      | Reached XP level 1. HP: 10/10 MP: 3/3
    96 | D:1      | Reached XP level 2. HP: 7/15 MP: 0/5
   146 | D:1      | Learned a level 2 spell: Stoneskin
   921 | D:1      | Reached skill level 4 in Earth Magic
   939 | D:1      | Reached XP level 3. HP: 15/19 MP: 0/7
   965 | D:1      | Learned a level 3 spell: Stone Arrow
  1198 | D:2      | Found a radiant altar of Vehumet.
  1203 | D:2      | Became a worshipper of Vehumet
  1373 | D:2      | Noticed Robin
  1395 | D:2      | Killed Robin
  1426 | D:2      | Reached XP level 4. HP: 6/24 MP: 1/8
  1608 | D:2      | Reached skill level 1 in Conjurations
  2060 | D:3      | Noticed Ijyb
  2073 | D:3      | Killed Ijyb
  2073 | D:3      | Reached XP level 5. HP: 28/28 MP: 5/10
  2084 | D:3      | Learned a level 5 spell: Lee's Rapid Deconstruction
  2157 | D:3      | Acquired Vehumet's first power
  2157 | D:3      | Offered knowledge of Freeze by Vehumet.
  2201 | D:3      | Killed from afar by an orc wizard

Vault maps used:
D:1:      eino_arrival_druids_welcome
D:2:      vehumet_crystals, uniq_robin
D:3:      uniq_iyjb, uniq_natasha, uniq_terence

Action                   |  1- 3 |  4- 6 || total
-------------------------+-------+-------++-------
Melee: Unarmed           |     5 |       ||     5
       Club              |   103 |    10 ||   113
 Cast: Sandblast         |    64 |    47 ||   111
       Stoneskin         |       |     1 ||     1
  Use: Scroll            |     5 |       ||     5
 Stab: Sleeping          |       |     1 ||     1
  Eat: Chunk             |     2 |     2 ||     4
